 Dungeon Crawl Stone Soup version 0.30-a0-137-gd8773701ce (webtiles) character file.

Game seed: 9383642590187448892

91 ytrimaz the Ogre Mage (level 4, -13/44 HPs)
             Began as an Ogre Transmuter on Sept 23, 2022.
             Killed by divine providence
             ... invoked by an orc priest
              (16 damage)
             ... on level 3 of the Dungeon.
             The game lasted 00:02:24 (2249 turns).

ytrimaz the Ogre Mage (Ogre Transmuter)             Turns: 2249, Time: 00:02:25

Health: -13/44     AC:  3    Str: 14    XL:     4   Next: 57%
Magic:  9/9        EV:  9    Int: 16    God:
Gold:   152        SH:  0    Dex:  9    Spells: 0/10 levels left

rFire   . . .      SeeInvis .      - Unarmed
rCold   + . .      Faith    .    (no shield)
rNeg    . . .      Spirit   .    a - +0 robe
rPois   .          Reflect  .    (helmet currently unavailable)
rElec   .          Harm     .    (no cloak)
rCorr   .          Rampage  .    (gloves unavailable)
Will    .....                    (boots unavailable)
Stlth   +.........               c - amulet of magic regeneration
HPRegen 0.14/turn                l - ring of protection from cold
MPRegen 0.51/turn                (no ring)

@: appendages, wereblooded
A: horns 2, talons 2, large, unfitting armour, tough skin 1
a: End Transformation


You were on level 3 of the Dungeon.
You had temporarily grown beastly horns and talons.
You visited 1 branch of the dungeon, and saw 3 of its levels.

You collected 152 gold pieces.


Innate Abilities, Weirdness & Mutations

You have temporarily grown beastly horns and talons.
You are too large for most types of armour.
You have tough skin. (AC +1)


   Skills:
 - Level 2.5 Fighting
 - Level 1.7 Dodging
 - Level 2.6 Unarmed Combat
 - Level 3.5 Spellcasting
 - Level 2.7 Transmutations
 + Level 1.3 Poison Magic


You couldn't memorise any spells.
You knew the following spells:

 Your Spells              Type           Power      Damage    Failure   Level
a - Beastly Appendage     Tmut           22%        N/A       5%          1
b - Wereblood             Tmut           11%        N/A       9%          2
c - Spider Form           Tmut/Pois      9%         N/A       22%         3
d - Ice Form              Ice/Tmut       7%         N/A       69%         4

Your spell library contained the following spells:

 Spells                   Type           Power      Damage    Failure   Level
 Magic Dart               Conj           8%         1d3       19%         1
 Call Imp                 Summ           2%         N/A       26%         2
 Mephitic Cloud           Conj/Pois/Air  4%         N/A       41%         3

Inventory:

Armour
 a - a +0 robe (worn)
Jewellery
 c - an amulet of magic regeneration (around neck)
   (You found it on level 1 of the Dungeon)
 l - a ring of protection from cold (left hand)
   (You found it on level 2 of the Dungeon)
Scrolls
 d - a scroll of fear
Potions
 b - a potion of resistance {unknown}
 e - 2 potions of mutation {unknown}
 f - a potion of invisibility {unknown}
 i - a potion of magic {unknown}
 j - 2 potions of brilliance
 k - a potion of ambrosia {unknown}

Dungeon Overview and Level Annotations

Branches:
Dungeon (3/15) Zot: 15757

Altars:
Cheibriados

Shops:
D:1

!
##.###...........
#...............
#...#...........
###.#...........
#.#...........
#####.##.......<..
#.............#...
#.###.############
#@# #.# #o# #.#
#.# #.# #.# #.#
#.# #.# #.# #.#
#.# #.#


You could see an orc priest.


Message History

Key pressed, stopping explore.
Key pressed, stopping explore.
Key pressed, stopping explore.
You open the door.
There is an open door here.
You see here a +0 sling.
f - a bubbling orange potion Key pressed, stopping explore.
You see here a scroll of poison.
Key pressed, stopping explore.
There is a snail-covered altar of Cheibriados here.
Key pressed, stopping explore.
Key pressed, stopping explore.
Done exploring.
Done exploring.
Done exploring.
Done exploring.
Done exploring.
Done exploring.
Done exploring.
Done exploring.
Done exploring.
Done exploring.
Done exploring.
There is a stone staircase leading down here.
You climb downwards.
Found a leather armour.
Found a stone staircase leading down.
There is a stone staircase leading up here.
Unknown command.
Key pressed, stopping explore. 2 orcs come into view.
You grow a pair of large bovine horns.
Your feet morph into talons.
The orc shouts!
You hear a shout!
An orc comes into view.
It is wielding a +3 dagger of venom. 😎 MP[-1]
You lost 1 mp, and now have 8/9 mp.
Unknown command.
Casting: Beastly Appendage (safe; 5% risk of failure)
Confirm with . or Enter, or press ? or * to list all spells.
You miscast Wereblood.
You are very lightly contaminated with residual magic.
Nothing appears to happen. 😎 MP[-1]
You lost 1 mp, and now have 7/9 mp.
An orc priest comes into view. It is wielding a +0 short sword.
The orc priest shouts!
The orc hits you but does no damage.
You hit the orc. Your kick misses the orc. 😎 MP[+1]
You hit the orc.
You kill the orc!
You hit the orc. You headbutt the orc, but do no damage.
The orc hits you with a +0 club.
Unknown command. 😕 HP[-3] MP[+1]
You take 3 damage, and now have 41/44 hp.
Your mp is fully restored (9).
Casting: Wereblood (safe; 9% risk of failure)
Confirm with . or Enter, or press ? or * to list all spells.
Your blood is infused with primal strength.
The orc hits you but does no damage.
The orc priest mumbles some strange prayers to Beogh against you.
Beogh smites you! 😮 HP[-14] MP[-2]
You take 14 damage, and now have 27/44 hp.
MASSIVE DAMAGE!! (PAUSE)
You lost 2 mp, and now have 7/9 mp.
Unknown command.
You closely miss the orc. You claw the orc.
The orc hits you with a +0 club. 😮 HP[-3] MP[+1]
You take 3 damage, and now have 24/44 hp.
You hit the orc but do no damage. The orc closely misses you.
Your magical contamination has completely faded away.
Unknown command.
You barely miss the orc. You claw the orc.
You feel a bit better.
You kill the orc! 😮 HP[+1] MP[+1]
Your mp is fully restored (9).
Unknown command.
You closely miss the orc. You headbutt the orc.
You feel a bit better.
You kill the orc!
The orc priest invokes the aid of Beogh against you.
Beogh smites you!
* * * LOW HITPOINT WARNING * * *
😨 HP[-10]
You take 10 damage, and now have 15/44 hp.
MASSIVE DAMAGE!! (PAUSE)
Items here: ))) ††.
Unknown command.
You barely miss the orc priest. Your headbutt misses the orc priest.
The orc priest mumbles some strange prayers to Beogh against you.
Pain shoots through your body!
* * * LOW HITPOINT WARNING * * *
😱 HP[-12]
You take 12 damage, and now have 3/44 hp.
MASSIVE DAMAGE!! (PAUSE)
You completely miss the orc priest.
The orc priest invokes the aid of Beogh against you.
Beogh smites you!
You die...

Skill      XL: |  1  2  3  4 |
---------------+-------------+-----
Transmutations | 2 |  2.7
Fighting       | 2 |  2.5
Spellcasting   | 3 |  3.5
Poison Magic   | 1 |  1.3
Dodging        | |  1.7
Unarmed Combat | |  2.6

Action                   |  1- 3 |  4- 6 || total
-------------------------+-------+-------++-------
Melee: Unarmed           |    91 |    59 ||   150
       Kick              |    17 |    12 ||    29
       Headbutt          |    13 |     9 ||    22
       Punch             |     2 |     1 ||     3
 Cast: Beastly Appendage |    18 |     9 ||    27
       Wereblood         |       |     1 ||     1
  Use: Potion            |     1 |       ||     1
       Scroll            |       |     5 ||     5
Armor: Robe              |    33 |    18 ||    51
       Skin              |     9 |       ||     9
Dodge: Dodged            |    57 |    19 ||    76

Levels and vault maps discovered:
D:1:      dpeg_arrival_windows_large_door, layout_rooms,
          ebering_ecumenical_altar_box, serial_shops, shop, minmay_bisected
D:2:      layout_loops_corners, basic_altar
D:3:      layout_rooms, nicolae_ru_awakened_eye, dk_yredelemnul_ordeal,
          gammafunk_ghost_cemetery

Notes
Turn   | Place    | Note
-------+----------+-------------------------------------------
     0 | D:1      | ytrimaz the Ogre Transmuter began the quest for the Orb.
     0 | D:1      | Reached XP level 1. HP: 19/19 MP: 3/3
     0 | D:1      | magus.rc [v1.9.6]
    25 | D:1      | Found Myomo's Distillery.
    52 | D:1      | HP: 6/28 [kobold/+0 mace (5)]
    58 | D:1      | Reached skill level 2 in Transmutations
    58 | D:1      | Reached XP level 2. HP: 11/28 MP: 3/5
    60 | D:1      | Reached skill level 2 in Fighting
   341 | D:1      | Found a faded altar of an unknown god.
   507 | D:1      | Reached skill level 3 in Spellcasting
   632 | D:1      | Reached XP level 3. HP: 35/36 MP: 7/7
   682 | D:1      | You pick up a book of Minor Magic and begin reading...
   682 | D:1      | You add the spells Magic Dart, Call Imp and Mephitic Cloud
                  | to your library.
   728 | D:1      | Learned a level 2 spell: Wereblood
   732 | D:1      | Learned a level 3 spell: Spider Form
   878 | D:2      | Found a snail-covered altar of Cheibriados.
  1067 | D:2      | Reached XP level 4. HP: 37/44 MP: 9/9
  1460 | D:2      | Reached skill level 1 in Poison Magic
  1908 | D:2      | Learned a level 4 spell: Ice Form
  2248 | D:3      | HP: 3/44 [orc priest/nerve-wracking pain (12)]
  2249 | D:3      | Killed from afar by an orc priest

Vanquished Creatures
  3 adders (D:2)
  A worm (D:2)
  2 dart slugs
  3 orcs (D:3)
  4 ball pythons
  5 bats
  3 endoplasms
  A giant cockroach (D:1)
  4 goblins
  8 hobgoblins
  2 jackals (D:2)
  2 kobolds (D:1)
  4 quokkas
  5 frilled lizards
  4 rats
51 creatures vanquished.

Table legend:
 A = Non-vault XP
 B = Vault XP
 C = Vault XP percentage of total XP
 D = Non-vault monster count
 E = Vault monster count
 F = Vault count percentage of total count
                 A         B        C        D         E       F
            +---------+---------+-------+---------+---------+-------
      Total |     125 |       5 |   3.8 |      48 |       3 |   5.9
            +---------+---------+-------+---------+---------+-------
        D:1 |      37 |       5 |  11.9 |      21 |       3 |  12.5
        D:2 |      79 |       0 |   0.0 |      24 |       0 |   0.0
        D:3 |       9 |       0 |   0.0 |       3 |       0 |   0.0
            +---------+---------+-------+---------+---------+-------

Illustrated notes

Table legend:
 A = Kills in this place as a percentage of kills in entire the game.
 B = Kills by you in this place as a percentage of kills by you in the entire game.
 C = Kills by friends in this place as a percentage of kills by friends in the entire game.
 D = Other kills in this place as a percentage of other kills in the entire game.
 E = Experience gained in this place as a percentage of experience gained in the entire game.
 F = Experience gained in this place divided by the number of levels of this place that you have seen.
                   A       B       C       D       E      F
               +-------+-------+-------+-------+-------+----------------------
         Total | 100.0 | 100.0 |   N/A |   N/A | 100.0 |  43.3
       Dungeon | 100.0 | 100.0 |   N/A |   N/A | 100.0 |  43.3
               +-------+-------+-------+-------+-------+----------------------

Table legend: (Time is in decaauts)
 A = Elapsed time spent in this place.
 B = Non-inter-level travel time spent in this place.
 C = Inter-level travel time spent in this place.
 D = Time resting spent in this place.
 E = Time spent auto-exploring this place.
 F = Levels seen in this place.
 G = Mean time per level.
                   A        B        C        D        E       F      G
               +--------+--------+--------+--------+--------+-----+--------+
         Total |   2241 |   2213 |     28 |    206 |   1635 |   3 |  747.0 |
       Dungeon |   2241 |   2213 |     28 |    206 |   1635 |   3 |  747.0 |
               +--------+--------+--------+--------+--------+-----+--------+

Top non-repeatable levels by time:
     D:2: 1347 daAuts
     D:1: 848 daAuts
     D:3: 45 daAuts
